 Dungeon Sprint DCSS version 0.17-a0-1636-g3119f2b (webtiles) character file.

6370 nuthulu the Fighter (level 11, -4/98 HPs)
             Began as a Formicid Fighter on Aug 6, 2015.
             Was a High Priest of Okawaru.
             Slain by Wiglaf
             ... wielding a +0 broad axe
              (20 damage)
             ... in the Dungeon (Sprint VII: "The Pits").
             The game lasted 00:06:25 (1898 turns).

nuthulu the Fighter (Formicid Fighter)              Turns: 1898, Time: 00:06:25

Health: -4/98      AC: 22    Str: 21    XL:     11   Next: 17%
Magic:  11/11      EV: 16    Int:  8    God:    Okawaru [*****.]
Gold:   0          SH: 15    Dex: 13    Spells: 0 memorised, 10 levels left

rFire  . . .     SeeInvis +     u - +2 war axe (flame)
rCold  . . .     Clarity  .     A - +8 chain mail "Muides" {*Confuse +Fly rElec rN++}
rNeg   + + .     SustAt   .     c - +0 shield
rPois  .         Gourm    .     (helmet unavailable)
rElec  +         Spirit   .     (no cloak)
rCorr  .         Warding  .     (no gloves)
rMut   .         Stasis   +     (no boots)
MR     +....                    (no amulet)
Stlth  ..........               (no ring)
                                (no ring)

@: heroism, very slightly contaminated, invisible, somewhat resistant to hostile
enchantments, extremely unstealthy
A: permanent stasis, dig shafts and tunnels, four strong arms, antennae 3
a: Dig, Heroism, Renounce Religion, Evoke Flight


You were in the Dungeon.
You worshipped Okawaru.
Okawaru was extremely pleased with you.
You were not hungry.

You visited 1 branch

Inventory:

Hand weapons
 a - a +0 war axe
 t - a +2 hand axe of freezing
 u - a +2 war axe of flaming (weapon)
Armour
 b - a +0 scale mail
 c - a +0 shield (worn)
 s - a +3 chain mail
 y - a +4 chain mail
 A - the +8 chain mail "Muides" (worn) {*Confuse +Fly rElec rN++}
   (Okawaru gifted it to you in the Dungeon)

   It insulates you from electricity.
   It greatly protects you from negative energy.
   It lets you fly.
   It may confuse you when you take damage.
Jewellery
 d - a +3 ring of protection
 r - a +3 ring of protection
Scrolls
 k - a scroll of blinking
 o - 3 scrolls of remove curse
 p - 5 scrolls of amnesia
 q - a scroll of summoning
Potions
 f - 6 potions of curing
 g - 5 potions of heal wounds
 h - 4 potions of haste
 i - 4 potions of magic
 j - 3 potions of berserk rage
 n - a potion of invisibility
 v - a potion of agility
 w - a potion of brilliance
 x - 2 potions of resistance
Comestibles
 e - 7 bread rations
 l - 40 fruits
 m - 7 meat rations


   Skills:
 + Level 13.6(18.6) Fighting
 + Level 12.5(17.5) Axes
 + Level 12.3(17.3) Armour
 + Level 10.2(15.2) Dodging
 + Level 13.1(18.1) Shields


You had 10 spell levels left.
You didn't know any spells.

Dungeon Overview and Level Annotations

Branches:
Dungeon (1/1)

Altars:
Ashenzari
Cheibriados
Dithmenos
Elyvilon
Fedhas
Gozag
Kikubaaqudgha
Makhleb
Nemelex Xobeh
Okawaru
Qazlal
Ru
Sif Muna
Trog
Vehumet
Xom
Yredelemnul
Zin
The Shining One
Beogh
Jiyva
Lugonu

Annotations:
D Wiglaf


Innate Abilities, Weirdness & Mutations

You are under a permanent stasis effect.
You can dig through walls and to a lower floor.
Your four strong arms can wield two-handed weapons with a shield.
You have a pair of large antennae on your head (SInv).


Message History

The white imp gestures at you.
The puff of frost hits the snapping turtle.
The snapping turtle appears unharmed.
Wiglaf barely misses you.
The snapping turtle hisses angrily.
You hit Wiglaf. You burn Wiglaf.
Wiglaf is severely wounded.
Wiglaf hits you with a broad axe!!
You hit Wiglaf. You burn Wiglaf.
Wiglaf is almost dead.
Wiglaf hits you with a broad axe!!
* * * LOW HITPOINT WARNING * * *
You hit Wiglaf. You burn Wiglaf.
Wiglaf is almost dead.
You hit Wiglaf. You burn Wiglaf.
Wiglaf is almost dead.
Wiglaf completely misses you.
You closely miss Wiglaf.
Wiglaf is almost dead.
Wiglaf hits you with a broad axe!!
You die...

########## ##########
..'..')).###........###.
..'..')....##......# ...
.##..##.....##....##..#
##....###....#....#.....
........###.###..##.#.#.
..#..#...#....#..#rt....
.........'....((.glMs...
..#..#...#....#.@#W5{
........###.###..## {
##....###....#....#
.##..##.....##....## {
..'..'.....##......#
..'..'รท..###........# {
########## ##########


You could see Wiglaf, a snapping turtle, a guardian mummy, a komodo dragon, a
redback and a porcupine.

Vanquished Creatures
  A fire dragon (D)
  A sea snake (D)
  A cyclops (D)
  A smoke demon (D)
  A gargoyle (D)
  A hellwing (D)
  A fire drake (D)
  A deep elf priest (D)
  A polar bear (D)
  A troll (D)
  A blink frog (D)
  A ynoxinul (D)
  A redback (D)
  A spriggan (D)
  A steam dragon (D)
  2 deep elf fighters (D)
  A warg (D)
  2 vampire mosquitoes (D)
  4 wolves (D)
  2 water moccasins (D)
  A swamp drake (D)
  An orc warrior (D)
  A black bear (D)
  A crocodile (D)
  A brain worm (D)
  A giant frog (D)
  A crimson imp (D)
  A quasit (D)
  A hound (D)
  2 iron imps (D)
  An orc priest (D)
  An orc wizard (D)
  8 sheep (D)
  A river rat (D)
  2 giant eyeballs (D)
  An ooze (D)
  An adder zombie (D)
  4 orcs (D)
  3 ball pythons (D)
  A bat skeleton (D)
  2 giant newts (D)
  A rat (D)
63 creatures vanquished.

Vanquished Creatures (others)
  A quokka (D)
1 creature vanquished.

Grand Total: 64 creatures vanquished

Notes
Turn   | Place    | Note
--------------------------------------------------------------
     0 | D        | nuthulu the Formicid Fighter began the quest for the Orb.
     0 | D        | Reached XP level 1. HP: 18/18 MP: 1/1
    13 | D        | Reached skill level 4 in Fighting
    13 | D        | Reached XP level 2. HP: 23/26 MP: 2/2
    72 | D        | Found a sacrificial altar of Ru.
    72 | D        | Found a basalt altar of Yredelemnul.
    72 | D        | Found a glowing golden altar of the Shining One.
    72 | D        | Found a deep blue altar of Sif Muna.
    72 | D        | Found a burning altar of Makhleb.
    72 | D        | Found an ancient bone altar of Kikubaaqudgha.
    72 | D        | Found a glowing silver altar of Zin.
    73 | D        | Found a shadowy altar of Dithmenos.
    73 | D        | Found a bloodstained altar of Trog.
    73 | D        | Found a shattered altar of Ashenzari.
    73 | D        | Found a white marble altar of Elyvilon.
    73 | D        | Found a snail-covered altar of Cheibriados.
    73 | D        | Found a blossoming altar of Fedhas.
    73 | D        | Found a radiant altar of Vehumet.
    73 | D        | Found a shimmering altar of Xom.
    73 | D        | Found a sparkling altar of Nemelex Xobeh.
    73 | D        | Found a corrupted altar of Lugonu.
    73 | D        | Found a viscous altar of Jiyva.
    73 | D        | Found a roughly hewn altar of Beogh.
    73 | D        | Found an iron altar of Okawaru.
    78 | D        | Found a stormy altar of Qazlal.
    78 | D        | Found an opulent altar of Gozag.
    80 | D        | Became a worshipper of Warmaster Okawaru
    92 | D        | Noticed a brain worm
   101 | D        | Killed a brain worm
   101 | D        | Reached skill level 6 in Fighting
   101 | D        | Reached skill level 5 in Axes
   101 | D        | Reached XP level 3. HP: 24/35 MP: 3/3
   101 | D        | Reached XP level 4. HP: 28/41 MP: 4/4
   199 | D        | Reached skill level 7 in Fighting
   282 | D        | Noticed an iron imp
   294 | D        | Acquired Okawaru's first power
   299 | D        | Killed an iron imp
   299 | D        | Reached skill level 1 in Dodging
   299 | D        | Reached XP level 5. HP: 41/49 MP: 5/5
   349 | D        | Noticed a black bear
   350 | D        | Noticed a crimson imp
   365 | D        | Killed a black bear
   365 | D        | Reached skill level 8 in Fighting
   365 | D        | Reached skill level 5 in Armour
   365 | D        | Reached skill level 5 in Shields
   365 | D        | Reached XP level 6. HP: 43/57 MP: 3/6
   367 | D        | Killed a crimson imp
   426 | D        | Noticed a warg
   436 | D        | Killed a warg
   436 | D        | Reached skill level 9 in Fighting
   436 | D        | Reached XP level 7. HP: 41/64 MP: 7/7
   547 | D        | Noticed a blink frog
   551 | D        | Noticed a quasit
   551 | D        | Noticed an orc warrior
   551 | D        | Noticed an orc wizard
   561 | D        | Killed an orc wizard
   562 | D        | Killed a quasit
   563 | D        | Killed an orc warrior
   567 | D        | Killed a blink frog
   567 | D        | Reached skill level 5 in Dodging
   569 | D        | Reached skill level 10 in Fighting
   569 | D        | Reached XP level 8. HP: 69/72 MP: 6/8
   576 | D        | Noticed a gargoyle
   576 | D        | Noticed a steam dragon
   577 | D        | Noticed a water moccasin
   579 | D        | Killed a water moccasin
   584 | D        | Killed a gargoyle
   584 | D        | Killed a steam dragon
   746 | D        | Noticed a spriggan
   746 | D        | Noticed a troll
   753 | D        | Killed a spriggan
   758 | D        | Killed a troll
   758 | D        | Reached skill level 11 in Fighting
   758 | D        | Reached skill level 10 in Axes
   758 | D        | Reached skill level 10 in Shields
   758 | D        | Reached XP level 9. HP: 38/81 MP: 9/9
   965 | D        | Noticed a polar bear
   968 | D        | Noticed a water moccasin
   969 | D        | Noticed a swamp drake
   974 | D        | Noticed a wolf
   975 | D        | Noticed a redback
   976 | D        | Noticed a wolf
   977 | D        | Killed a wolf
   979 | D        | Killed a water moccasin
   980 | D        | Noticed a wolf
   981 | D        | Killed a polar bear
   983 | D        | Killed a wolf
   986 | D        | Killed a wolf
   986 | D        | Reached skill level 10 in Armour
  1101 | D        | Killed a swamp drake
  1110 | D        | Killed a redback
  1115 | D        | Noticed a ynoxinul
  1116 | D        | Noticed an iron imp
  1116 | D        | Noticed a crocodile
  1121 | D        | Killed an iron imp
  1121 | D        | Reached skill level 12 in Fighting
  1121 | D        | Killed a crocodile
  1124 | D        | Killed a ynoxinul
  1124 | D        | Acquired Okawaru's second power
  1124 | D        | Reached XP level 10. HP: 89/89 MP: 10/10
  1154 | D        | Noticed an orc priest
  1154 | D        | Noticed a deep elf priest
  1154 | D        | Noticed a deep elf fighter
  1155 | D        | Noticed a deep elf fighter
  1156 | D        | Noticed a vampire mosquito
  1156 | D        | Noticed a vampire mosquito
  1157 | D        | Noticed a wolf
  1160 | D        | Killed a deep elf priest
  1164 | D        | Killed a deep elf fighter
  1169 | D        | Killed a deep elf fighter
  1170 | D        | Killed a wolf
  1171 | D        | Killed a vampire mosquito
  1172 | D        | Noticed a hound
  1173 | D        | Killed an orc priest
  1178 | D        | Killed a hound
  1182 | D        | Killed a vampire mosquito
  1319 | D        | Noticed a giant frog
  1320 | D        | Noticed a smoke demon
  1320 | D        | Noticed a fire drake
  1323 | D        | Killed a giant frog
  1327 | D        | Killed a fire drake
  1327 | D        | Received a gift from Okawaru
  1333 | D        | Killed a smoke demon
  1333 | D        | Reached skill level 13 in Fighting
  1336 | D        | Got a transparent chain mail {god gift}
  1347 | D        | Identified the +8 chain mail "Muides" {*Confuse +Fly rElec rN++} (Okawaru gifted it to you in the Dungeon)
  1556 | D        | Noticed a cyclops
  1556 | D        | Noticed a fire dragon
  1557 | D        | Noticed a sea snake
  1557 | D        | Noticed a hellwing
  1565 | D        | Killed a cyclops
  1575 | D        | Killed a fire dragon
  1575 | D        | Reached XP level 11. HP: 42/98 MP: 11/11
  1583 | D        | Killed a sea snake
  1583 | D        | Reached skill level 10 in Dodging
  1608 | D        | Killed a hellwing
  1857 | D        | Noticed a snapping turtle
  1857 | D        | Noticed a phantom
  1857 | D        | Noticed a guardian mummy
  1857 | D        | Noticed Wiglaf
  1858 | D        | Noticed a komodo dragon
  1860 | D        | Noticed a porcupine
  1864 | D        | Noticed a redback
  1898 | D        | Slain by Wiglaf

Vault maps used:
D:        pitsprint

Action                   |  1- 3 |  4- 6 |  7- 9 | 10-12 || total
-------------------------+-------+-------+-------+-------++-------
Melee: War axe           |    10 |    41 |    55 |   122 ||   228
Invok: Heroism           |       |     1 |     1 |     4 ||     6
  Use: Potion            |       |       |     1 |     4 ||     5
 Stab: Invisible         |       |       |       |     2 ||     2
  Eat: Chunk             |       |       |     1 |     1 ||     2
       Bread ration      |       |       |       |     1 ||     1
